 Dungeon Crawl Stone Soup version 0.23.2-40-g277498a (webtiles) character file.

Game seed: 5090568425859918746

63 CrazyJ the Chiller (level 3, -3/28 HPs)
             Began as a Draconian Ice Elementalist on Sept 10, 2019.
             Slain by Grinder (6 damage)
             ... on level 3 of the Dungeon.
             The game lasted 00:11:12 (2478 turns).

CrazyJ the Chiller (Draconian Ice Elementalist)     Turns: 2478, Time: 00:11:12

Health: -3/28      AC:  6    Str: 10    XL:     3   Next: 87%
Magic:  0/6        EV: 18    Int: 16    God:
Gold:   82         SH:  0    Dex: 16    Spells: 1/7 levels left

rFire    . . .     SeeInvis .   d - -3 spear (curse)
rCold    . . .     Gourm    .   (no shield)
rNeg     . . .     Faith    .   (armour unavailable)
rPois    .         Spirit   .   (helmet restricted)
rElec    .         Reflect  .   (no cloak)
rCorr    .         Harm     .   k - +0 pair of gloves
MR       .....                  (no boots)
Stlth    +++.......             (no amulet)
HPRegen  0.09/turn              (no ring)
MPRegen  0.10/turn              (no ring)

@: agile, hasted, very quick
A: unfitting armour, cold-blooded, AC +5
a: no special abilities


You were on level 3 of the Dungeon.
You were not hungry.

You visited 1 branch of the dungeon, and saw 3 of its levels.

You collected 82 gold pieces.

Inventory:

Hand Weapons
 a - a +0 club
 c - a +0 short sword
 d - a cursed -3 spear (weapon)
 g - a +0 dagger
 n - a +2 whip of electrocution
 p - a +0 flail
 q - a +0 war axe
Missiles
 e - 30 stones (quivered)
 h - 53 arrows
Armour
 f - a +0 robe
 k - a +0 pair of gloves (worn)
Jewellery
 o - an uncursed ring of fire
Wands
 l - a wand of scattershot (3)
Potions
 i - a potion of agility
 m - a potion of haste
Comestibles
 b - 3 rations
 j - a chunk of flesh


   Skills:
 + Level 1.0 Fighting
 + Level 1.1 Polearms
 + Level 2.0 Dodging
 - Level 2.0 Stealth
 * Level 2.5 Spellcasting
 + Level 1.2 Conjurations
 + Level 0.3 Charms
 * Level 3.5 Ice Magic


You had one spell level left.
You knew the following spells:

 Your Spells              Type           Power        Failure   Level  Hunger
a - Freeze                Ice            ##..         4%          1    #......
b - Throw Frost           Conj/Ice       #.....       11%         2    ##.....
c - Ozocubu's Armour      Chrm/Ice       #.......     26%         3    ###....

Your spell library contained the following spells:

 Spells                   Type           Power        Failure   Level  Hunger
 Throw Icicle             Conj/Ice       #.......     58%         4    #####..
 Summon Ice Beast         Ice/Summ       #.......     67%         4    #####..


Dungeon Overview and Level Annotations

Branches:
Dungeon (3/15)

Altars:
Elyvilon
Trog
Wu Jian
The Shining One

Annotations:
D:2 Natasha
D:3 Grinder


Innate Abilities, Weirdness & Mutations

Your plain brown scales are hard. (AC +5)
You cannot fit into any form of body armour.
You are cold-blooded and may be slowed by cold attacks.


Message History

Grinder gestures at you. You resist with significant effort.
Casting: Freeze (safe; 4% risk of failure)
Confirm with . or Enter, or press ? or * to list all spells.
Aiming: Freeze (safe; 4% risk of failure)
Press: ? - help, Shift-Dir - straight line, f/p - Grinder
Aim: Grinder (lightly wounded) Grinder completely resists.
You freeze Grinder but do no damage. Grinder barely misses you.
You aren't carrying any scrolls.
You feel yourself speed up. Grinder hits you but does no damage.
It was a potion of agility.
You feel agile all of a sudden. Grinder hits you.
You writhe in agony.
You barely miss Grinder. You tail-slap Grinder.
Grinder is lightly wounded.
Grinder hits you!
* * * LOW HITPOINT WARNING * * *
You writhe in agony.
You die...

......#..#.............
....###................
.........#..###..##..<.
##..........##..###....
.....#..............
.....#.#.....###....
.... #...........#
..........#.5##### ...
.....###@..# ....#
##..# ..S. #....# ...
##...# .# ...# ...#
.### .≈


You could see Grinder.

Vanquished Creatures
  Natasha (D:2)
  A leopard gecko (D:2)
  An orc (D:3)
  3 giant cockroaches (D:1)
  7 goblins
  4 hobgoblins
  2 kobolds
  3 ball pythons
  3 bats
  9 frilled lizards
  2 rats (D:2)
36 creatures vanquished.

Notes
Turn   | Place    | Note
-------+----------+-------------------------------------------
     0 | D:1      | CrazyJ the Draconian Ice Elementalist began the quest for
                  | the Orb.
     0 | D:1      | Reached XP level 1. HP: 14/14 MP: 3/3
   274 | D:1      | Reached XP level 2. HP: 20/20 MP: 0/5
   279 | D:1      | Learned a level 2 spell: Throw Frost
  1347 | D:2      | Reached XP level 3. HP: 23/27 MP: 4/6
  1352 | D:2      | Learned a level 3 spell: Ozocubu's Armour
  1843 | D:3      | Noticed Grinder
  1852 | D:3      | Paralysed by Grinder for 5 turns
  2103 | D:3      | Found a white marble altar of Elyvilon.
  2103 | D:3      | Found an ornate altar of the Wu Jian Council.
  2103 | D:3      | Noticed Natasha
  2118 | D:2      | Killed Natasha
  2118 | D:2      | Reached skill level 1 in Fighting
  2118 | D:2      | Reached skill level 1 in Polearms
  2324 | D:2      | Noticed Natasha
  2424 | D:3      | Found a bloodstained altar of Trog.
  2426 | D:3      | Found a glowing golden altar of the Shining One.
  2478 | D:3      | Slain by Grinder

Skill      XL: |  1  2  3 |
---------------+----------+-----
Stealth        | 2 |  2.0
Fighting       | 1 |  1.0
Polearms       | 1 |  1.1
Dodging        | 2 |  2.0
Spellcasting   | |  2.5
Conjurations   | |  1.2
Charms         | |  0.3
Ice Magic      | |  3.5

Action                   || total
-------------------------++-------
Melee: Spear             ||    76
       Tailslap          ||    10
 Cast: Freeze            ||    39
       Throw Frost       ||     7
  Use: Scroll            ||     3
       Potion            ||     2
 Stab: Sleeping          ||     1
  Eat: Chunk             ||     4
       Ration            ||     1
Armor: Skin              ||    38
Dodge: Dodged            ||    75
